 Dungeon Crawl Stone Soup version 0.28.0 (webtiles) character file.

Game seed: 11630322338042645526

668 crazypyro the Digger (level 7, -10/38 HPs)
             Began as a Gargoyle Earth Elementalist on Feb 8, 2022.
             Mangled by a hornet (13 damage)
             ... on level 4 of the Dungeon.
             The game lasted 00:08:07 (4048 turns).

crazypyro the Digger (Gargoyle Earth Elementalist)  Turns: 4048, Time: 00:08:07

Health: -10/38     AC:  6    Str: 12    XL:     7   Next: 58%
Magic:  3/13       EV: 11    Int: 17    God:
Gold:   119        SH:  0    Dex: 10    Spells: 10/14 levels left

rFire   . . .      SeeInvis .   f - +0 whip (elec)
rCold   + + .      Faith    .   (no shield)
rNeg    + . .      Spirit   .   b - +0 robe
rPois   ∞          Reflect  .   (no helmet)
rElec   +          Harm     .   (no cloak)
rCorr   .          Rampage  .   (no gloves)
Will    .....                   (no boots)
Stlth   ++........              (no amulet)
HPRegen 0.12/turn               g - ring of protection from cold
MPRegen 0.13/turn               c - ring of protection from cold

@: no status effects
A: sickness immunity, AC +4, negative energy resistance 1, electricity
resistance, torment resistance 1, petrification resistance
a: no special abilities


You were on level 4 of the Dungeon.
You visited 1 branch of the dungeon, and saw 4 of its levels.

You collected 119 gold pieces.

Inventory:

Hand Weapons
 a - a +0 club
 f - a +0 whip of electrocution (weapon)
Armour
 b - a +0 robe (worn)
Jewellery
 c - a ring of protection from cold (right hand)
 g - a ring of protection from cold (left hand)
Wands
 m - a wand of acid (12)
Scrolls
 d - 5 scrolls of identify {unknown}
 e - a scroll of noise {unknown}
 h - a scroll of teleportation {unknown}
 r - a scroll of vulnerability {unknown}
Potions
 i - 2 potions of curing {unknown}
 j - a potion of might {unknown}
 k - 3 potions of lignification {unknown}
 l - a potion of invisibility {unknown}
 n - a potion of heal wounds {unknown}
 o - 3 potions of degeneration {unknown}
 q - 2 potions of resistance


   Skills:
 + Level 1.3 Fighting
 + Level 1.2 Maces & Flails
 - Level 1.5 Dodging
 - Level 2.1 Stealth
 + Level 4.3 Spellcasting
 - Level 4.5 Conjurations
 - Level 1.1 Transmutations
 + Level 6.5 Earth Magic


You had 10 spell levels left.
You knew the following spells:

 Your Spells              Type           Power      Damage    Failure   Level
a - Sandblast             Erth           50%        2d12      1%          1
b - Stone Arrow           Conj/Erth      44%        3d9       4%          3

Your spell library contained the following spells:

 Spells                   Type           Power      Damage    Failure   Level
 Passwall                 Tmut/Erth      13%        N/A       4%          2
 Petrify                  Tmut/Erth      16%        N/A       32%         4


Dungeon Overview and Level Annotations

Branches:
Dungeon (4/15)
 Temple: D:4-7

Altars:
Ashenzari
Gozag
Ru

Annotations:
D:4 Pikel


Innate Abilities, Weirdness & Mutations

You are immune to sickness and miasma.
Your stone body is resilient. (AC +4)
You are immune to poison.
You resist negative energy. (rN+)
You are resistant to electric shocks. (rElec)
You are resistant to unholy torment.
You are immune to petrification.


Message History

Confirm with . or Enter, or press ? or * to list all spells.
Aiming: Stone Arrow (dangerous; 4% risk of failure)
Press: ? - help, Shift-Dir - straight line, f/p - hornet
Aim: a hornet (57% to hit)
You miscast Stone Arrow.
You are very lightly contaminated with residual magic.
Nothing appears to happen.
The hornet stings you. The hornet barely misses you.
Casting: Stone Arrow (dangerous; 4% risk of failure)
Confirm with . or Enter, or press ? or * to list all spells.
Aiming: Stone Arrow (dangerous; 4% risk of failure)
Press: ? - help, Shift-Dir - straight line, f/p - hornet
Aim: a hornet (57% to hit)
The stone arrow hits the hornet!
The hornet is heavily wounded.
The hornet stings you!
The blast of sand misses the hornet.
The hornet stings you but does no damage.
The hornet stings you!
* * * LOW HITPOINT WARNING * * *
A ball python comes into view.
The hornet stings you but does no damage.
The ball python hisses angrily.
The hornet stings you but does no damage.
Your magical contamination has completely faded away.
The hornet closely misses you.
Casting: Sandblast (safe; 1% risk of failure)
Confirm with . or Enter, or press ? or * to list all spells.
Aiming: Sandblast (safe; 1% risk of failure)
Press: ? - help, Shift-Dir - straight line, f/p - hornet
Aim: a hornet (heavily wounded, 71% to hit)
The blast of sand misses the hornet.
You now have no stones remaining.
The hornet completely misses you. The hornet closely misses you.
The hornet closely misses you. The hornet stings you.
* * * LOW HITPOINT WARNING * * *
The hornet stings you but does no damage.
The ball python closely misses you. The ball python misses you.
The hornet stings you!
You die...

#..#.....).............
...#.............###.##
...................#..##
........................
...##......###.#.†......
...#..#........#.......
.....##................
....#.Sy.#............#
....#.@..##...........#
... #.##.##............
.. ... .# ............
..... #. ..........
....#.. .. ..##... .. #
.... ..# .###


You could see a hornet and a ball python.

Vanquished Creatures
  Grinder (D:3)
  Sigmund (D:3)
  An orc warrior (D:4)
  2 lemures
  A water moccasin skeleton (D:4)
  A hound (D:3)
  An orc priest (D:4)
  A hound skeleton (D:4)
  4 adders
  An adder skeleton (D:4)
  3 worms (D:2)
  3 dart slugs (D:3)
  3 orcs (D:4)
  7 endoplasms
  4 giant cockroaches
  7 goblins
  6 hobgoblins
  4 jackals
  3 quokkas
  7 ball pythons
  3 bats
  4 frilled lizards
  7 kobolds
  9 rats
84 creatures vanquished.

Vanquished Creatures (others)
  A plant (D:4)
1 creature vanquished.

Grand Total: 85 creatures vanquished

Notes
Turn   | Place    | Note
-------+----------+-------------------------------------------
     0 | D:1      | crazypyro the Gargoyle Earth Elementalist began the quest
                  | for the Orb.
     0 | D:1      | Reached XP level 1. HP: 10/10 MP: 3/3
   177 | D:1      | Reached skill level 1 in Transmutations
   197 | D:1      | Reached skill level 4 in Earth Magic
   197 | D:1      | Reached XP level 2. HP: 15/15 MP: 3/5
  1176 | D:2      | Reached XP level 3. HP: 19/19 MP: 6/6
  1180 | D:2      | Learned a level 3 spell: Stone Arrow
  1405 | D:2      | Reached skill level 1 in Conjurations
  1544 | D:2      | Reached XP level 4. HP: 24/24 MP: 7/7
  1788 | D:2      | Found a faded altar of an unknown god.
  2339 | D:3      | Reached XP level 5. HP: 28/28 MP: 5/9
  2377 | D:3      | Reached skill level 5 in Earth Magic
  2631 | D:3      | Noticed Grinder
  2640 | D:3      | Noticed Sigmund
  2792 | D:3      | Killed Sigmund
  2793 | D:3      | Reached XP level 6. HP: 32/32 MP: 0/11
  2884 | D:3      | Paralysed by Grinder for 2 turns
  2901 | D:3      | Killed Grinder
  2902 | D:3      | Reached skill level 6 in Earth Magic
  2902 | D:3      | Reached XP level 7. HP: 16/36 MP: 1/12
  3324 | D:3      | Found an opulent altar of Gozag.
  3324 | D:3      | Found a sacrificial altar of Ru.
  3324 | D:3      | Found a broken altar of Ashenzari.
  3616 | D:4      | Noticed Pikel
  3714 | D:4      | Reached skill level 1 in Fighting
  3714 | D:4      | Reached skill level 1 in Maces & Flails
  4025 | D:4      | Noticed a hornet
  4048 | D:4      | Mangled by a hornet

Illustrated notes

Levels and vault maps discovered:
D:1:      giann_horns, layout_loops_ring, minivault_27
D:2:      layout_rooms, shapermc_ecumenical_altar_petra, chequers_hall_statues_y
D:3:      layout_loops_cross, gammafunk_temple_overflow_claw,
          minmay_three_crescents, uniq_sigmund, uniq_grinder
D:4:      kennysheep_kobold_camp, layout_cave_pools,
          minmay_temple_entry_statues_pillars, minmay_misc_feat_secret_circle,
          minmay_manual_moon, uniq_pikel

Skill      XL: |  1  2  3  4  5  6  7 |
---------------+----------------------+-----
Transmutations | 1 |  1.1
Earth Magic    | 4 5 6 |  6.5
Conjurations   | 1 2 3 4 |  4.5
Spellcasting   | 3 4 |  4.3
Fighting       | 1 |  1.3
Maces & Flails | 1 |  1.2
Dodging        | |  1.5
Stealth        | |  2.1

Action                   |  1- 3 |  4- 6 |  7- 9 || total
-------------------------+-------+-------+-------++-------
Melee: Club              |    10 |       |       ||    10
       Punch             |     2 |     1 |     1 ||     4
       Whip              |    35 |    35 |    17 ||    87
 Cast: Sandblast         |    34 |     8 |     7 ||    49
       Stone Arrow       |       |    22 |    25 ||    47
 Stab: Sleeping          |     4 |       |     1 ||     5
Armor: Robe              |    19 |    26 |    18 ||    63
Dodge: Dodged            |    27 |    35 |    18 ||    80
